 Dungeon Crawl Stone Soup version 0.29.1-15-g9cfb28693d (webtiles) character file.

Game seed: 10134375053612359002

2657 Wilku the Thaumaturge (level 9, -5/45 HPs)
             Began as a Deep Elf Fire Elementalist on Mar 16, 2023.
             Was a Believer of Qazlal.
             Killed from afar by Maggie (15 damage)
             ... with a bolt of fire
             ... on level 7 of the Dungeon on Mar 18, 2023.
             The game lasted 00:34:00 (9284 turns).

Wilku the Thaumaturge (Deep Elf Fire Elementalist)  Turns: 9284, Time: 00:34:01

Health: -5/45      AC: 10    Str:  5    XL:     9   Next: 36%
Magic:  14/25      EV: 12    Int: 31    God:    Qazlal [**....]
Gold:   459        SH:  2    Dex: 15    Spells: 18/29 levels left

rFire   . . .      SeeInvis .   B - +2 flail (drain)
rCold   . . .      Faith    .   (no shield)
rNeg    . . .      Spirit   .   N - +0 leather armour {Will+}
rPois   .          Reflect  .   (no helmet)
rElec   .          Harm     .   (no cloak)
rCorr   .          Rampage  .   h - +0 pair of gloves
Will    +....                   A - +1 pair of boots
Stlth   ++........              (no amulet)
HPRegen 0.15/turn               p - +4 ring of protection
MPRegen 0.19/turn               w - +6 ring of intelligence

@: no status effects
A: no striking features
a: Renounce Religion, Upheaval


You were on level 7 of the Dungeon.
You worshipped Qazlal.
Qazlal was pleased with you.
You visited 1 branch of the dungeon, and saw 8 of its levels.

You collected 459 gold pieces.

Inventory:

Hand Weapons
 e - a +2 trident of flaming
 B - a +2 flail of draining (weapon)
 F - a +0 shortbow
 O - a +1 rapier of speed
 P - a +0 flail
 Q - a +0 halberd
 S - a +1 short sword of venom
Missiles
 R - 2 throwing nets
 U - 6 silver boomerangs
Armour
 a - a +0 robe
 h - a +0 pair of gloves (worn)
 i - a +0 leather armour
 j - a +0 cloak
 m - +0 steam dragon scales
 A - a +1 pair of boots (worn)
 N - a +0 leather armour of willpower (worn)
Magical Staves
 c - a staff of death
Jewellery
 p - a +4 ring of protection (left hand)
 r - a ring of flight
 w - a +6 ring of intelligence (right hand)
 J - a ring of poison resistance
Wands
 z - a wand of digging (9)
 D - a wand of polymorph (8)
 V - a wand of mindburst (13)
Scrolls
 l - 3 scrolls of amnesia {unknown}
 n - 4 scrolls of summoning
 q - a scroll of enchant armour {unknown}
 s - a scroll of enchant weapon {unknown}
 t - a scroll of poison {unknown}
 u - a scroll of magic mapping {unknown}
 x - a scroll of brand weapon {unknown}
 y - 3 scrolls of fear {unknown}
 C - 2 scrolls of butterflies {unknown}
 G - a scroll of blinking {unknown}
 K - 2 scrolls of teleportation {unknown}
 W - a scroll of immolation {unknown}
 Y - a scroll of identify
Potions
 b - a potion of magic
 d - a potion of mutation
 f - 3 potions of might
 g - 4 potions of curing
 k - 2 potions of resistance
 o - 2 potions of cancellation {unknown}
 v - 3 potions of brilliance {unknown}
 E - a potion of flight {unknown}
 X - a potion of lignification {unknown}
 Z - 2 potions of heal wounds


   Skills:
 + Level 0.1 Short Blades
 + Level 0.5 Maces & Flails
 + Level 2.5 Armour
 + Level 3.6 Dodging
 + Level 3.7 Stealth
 + Level 10.5 Spellcasting
 + Level 4.9 Conjurations
 + Level 3.7 Hexes
 + Level 8.4 Fire Magic
 + Level 0.9 Air Magic


You had 18 spell levels left.
You knew the following spells:

 Your Spells              Type           Power      Damage    Failure   Level
a - Foxfire               Conj/Fire      100%       2x1d9     1%          1
b - Scorch                Fire           100%       2d10      1%          2
c - Inner Flame           Hex/Fire       52%        N/A       1%          3
d - Conjure Flame         Conj/Fire      55%        6-21      1%          3
e - Static Discharge      Conj/Air       34%        3-8/arc   2%          2

Your spell library contained the following spells:

 Spells                   Type           Power      Damage    Failure   Level
 Slow                     Hex            100%       N/A       1%          1
 Confusing Touch          Hex            39%        N/A       3%          3
 Flame Wave               Conj/Fire      55%        2d13      3%          4
 Sticky Flame             Conj/Fire      55%        2d7       3%          4
 Ignite Poison            Fire/Tmut/Pois 33%        N/A       4%          3
 Mephitic Cloud           Conj/Pois/Air  28%        N/A       7%          3
 Cause Fear               Hex            19%        N/A       11%         4
 Vampiric Draining        Necr           16%        2d7       16%         3
 Lightning Bolt           Conj/Air       17%        1d31      38%         5
 Dispel Undead            Necr           16%        3d10      45%         4
 Freezing Cloud           Conj/Ice/Air   14%        6-21      54%         5
 Discord                  Hex            19%        N/A       100%        8
 Maxwell's Capacitive Co  Air            11%        ∞         100%        8


Dungeon Overview and Level Annotations

Branches:
Dungeon (8/15)             Temple (0/1) D:6
   Lair: D:8-11

Altars:
Cheibriados
Dithmenos
Elyvilon
Hepliaklqana
Nemelex Xobeh
Okawaru
Qazlal
Sif Muna
Wu Jian

Annotations:
D:2 1 runed translucent door, Crazy Yiuf
D:7 Maggie


Message History

Maggie is moderately wounded.
The lightning grounds out.
Maggie mumbles the words to a spell, but in the wrong order.
Maggie hits you but does no damage.
You writhe in agony.
Casting: Static Discharge (safe; 2% risk of failure)
Confirm with . or Enter, or press ? or * to list all spells.
Flames lash Maggie.
Maggie is severely wounded.
Maggie's fire resistance burns away.
Maggie closely misses you.
Casting: Scorch (safe; 1% risk of failure)
Confirm with . or Enter, or press ? or * to list all spells.
Flames lash Maggie.
Maggie is burned terribly!
Maggie is severely wounded.
Maggie gestures at you while chanting. The bolt of fire hits you!
Casting: Scorch (safe; 1% risk of failure)
Confirm with . or Enter, or press ? or * to list all spells.
Okay, then.
You feel better.
Maggie hits you with a +0 morningstar of pain!
You feel better.
Maggie drinks a potion.
Maggie is healed!
Casting: Scorch (safe; 1% risk of failure)
Confirm with . or Enter, or press ? or * to list all spells.
Flames lash Maggie.
Maggie is burned terribly!
Maggie is moderately wounded.
Maggie gestures wildly while chanting.
Maggie attempts to bespell you! You resist with almost no effort.
Casting: Scorch (safe; 1% risk of failure)
Confirm with . or Enter, or press ? or * to list all spells.
Flames lash Maggie.
Maggie is burned terribly!
Maggie is almost dead.
Maggie gestures at you while chanting. The bolt of fire hits you!!
* * * LOW HITPOINT WARNING * * *
Casting: Scorch (safe; 1% risk of failure)
Confirm with . or Enter, or press ? or * to list all spells.
Flames lash Maggie but do no damage.
Maggie points at you and mumbles some strange words.
The bolt of fire hits you!
You die...

#.###...##...##...##^..##...#####
#.##.....##.##.....##.##.....##..
#'#.......'''.......''+.......#'#
#.##.....##.##.....##.##.....##.#
...##...##...##...##...##...##...
.⌠..##'##.....##'##.....##'##..⌠.
...##...##...##...##...##...##...
#.##.....##.##.....##.##.....##.#
#'#...♣...#'#..§@...#+#...♣...#+#
#.##.....##.##.@.○.##.##.....##.#
...##...##...##...##...##...##...
.⌠..##'##.....##'##.....##'##..⌠.
...##...##...##...##...##...##...
#.##.....##.##.....##.##.....##.#
#+#.......+'+.......''+.......#†#
..##.....##.##.....##)##.....##.#
#.###...##...##...##...##...##..#


You could see Maggie (combustible).

Vanquished Creatures
  A two-headed ogre (D:6)
  Sigmund (D:5)
  Eustachio (D:5)
  A steam dragon (D:7)
  A water moccasin (D:6)
  A sky beast (D:7)
  3 ogres (D:5)
  A centaur (D:7)
  A phantom (D:7)
  A kobold brigand (D:5)
  A necrophage (D:7)
  A gnoll sergeant (D:5)
  A scorpion (D:5)
  3 howler monkeys (D:7)
  3 hounds
  4 jellies
  A gnoll bouda (D:5)
  An orc priest (D:5)
  Jessica (D:2)
  3 iguanas
  An orc wizard (D:3)
  9 gnolls
  5 adders
  2 white imps
  3 ufetubi
  2 worms
  7 dart slugs
  15 orcs
  8 ball pythons
  5 endoplasms
  2 giant cockroaches (D:2)
  11 goblins
  8 hobgoblins
  7 jackals
  6 quokkas
  2 bats (D:2)
  2 frilled lizards
  18 kobolds
  8 rats
  4 bushes (D:5)
  A foxfire (D:5)
157 creatures vanquished.

Vanquished Creatures (collateral kills)
  A foxfire (D:5)
1 creature vanquished.

Vanquished Creatures (others)
  363 foxfires
  7 plants (D:5)
370 creatures vanquished.

Grand Total: 528 creatures vanquished

Notes
Turn   | Place    | Note
-------+----------+-------------------------------------------
     0 | D:1      | Wilku the Deep Elf Fire Elementalist began the quest for
                  | the Orb.
     0 | D:1      | Reached XP level 1. HP: 10/10 MP: 6/6
   199 | D:1      | Reached XP level 2. HP: 15/15 MP: 1/8
   304 | D:1      | Learned a level 2 spell: Scorch
  1065 | D:1      | Reached XP level 3. HP: 19/19 MP: 6/10
  1120 | D:1      | Found a faded altar of an unknown god.
  1192 | D:1      | You fall into a shaft and drop 1 floor!
  1338 | D:2      | Learned a level 3 spell: Inner Flame
  1394 | D:2      | Found a shadowy altar of Dithmenos.
  1693 | D:2      | Reached skill level 4 in Spellcasting
  1889 | D:2      | Learned a level 3 spell: Conjure Flame
  1890 | D:2      | Reached XP level 4. HP: 24/24 MP: 12/12
  2104 | D:2      | Noticed Jessica
  2113 | D:2      | Killed Jessica
  2130 | D:2      | Found a runed translucent door.
  2131 | D:2      | Noticed Crazy Yiuf
  2488 | D:3      | Found a stormy altar of Qazlal.
  2514 | D:3      | Became a worshipper of Qazlal Stormbringer
  2916 | D:3      | Reached skill level 5 in Spellcasting
  3105 | D:3      | Found a sparkling altar of Nemelex Xobeh.
  3119 | D:3      | Found a white marble altar of Elyvilon.
  3281 | D:3      | Found an ornate altar of the Wu Jian Council.
  3281 | D:3      | Found a shimmering blue altar of Sif Muna.
  3341 | D:3      | Reached XP level 5. HP: 28/28 MP: 9/14
  3445 | D:3      | Reached * piety under Qazlal
  3781 | D:4      | Identified the +1 ring mail "Kefoshryi" {Contam rPois rC+++
                  | Str-2}
  4137 | D:4      | Found an iron altar of Okawaru.
  4173 | D:4      | Learned a level 2 spell: Static Discharge
  4448 | D:4      | Found a hazy altar of Hepliaklqana.
  4946 | D:5      | Entered Level 5 of the Dungeon
  4972 | D:5      | Reached XP level 6. HP: 32/32 MP: 9/16
  4976 | D:5      | Reached skill level 6 in Spellcasting
  5378 | D:5      | Reached skill level 1 in Armour
  5378 | D:5      | Reached skill level 5 in Fire Magic
  5432 | D:5      | Reached skill level 1 in Hexes
  5439 | D:5      | Reached XP level 7. HP: 36/36 MP: 10/19
  5748 | D:5      | Reached skill level 7 in Spellcasting
  5986 | D:5      | Found a snail-covered altar of Cheibriados.
  6040 | D:5      | Noticed Eustachio
  6048 | D:5      | Killed Eustachio
  6333 | D:5      | Reached skill level 8 in Spellcasting
  6424 | D:5      | Reached XP level 8. HP: 41/41 MP: 19/22
  6558 | D:5      | Reached ** piety under Qazlal
  6839 | D:5      | Noticed Sigmund
  6846 | D:5      | Killed Sigmund
  7226 | D:6      | Noticed a two-headed ogre
  7232 | D:6      | Killed a two-headed ogre
  7233 | D:6      | Reached skill level 9 in Spellcasting
  7383 | D:6      | Found a staircase to the Ecumenical Temple.
  7630 | D:6      | Reached skill level 10 in Spellcasting
  7630 | D:6      | Reached XP level 9. HP: 45/45 MP: 15/25
  9274 | D:8      | Noticed a troll
  9274 | D:8      | Noticed Maggie
  9284 | D:7      | Killed from afar by Maggie

Illustrated notes

Levels and vault maps discovered:
D:1:      amcnicky_arrival_gap_in_the_tavern_cellar, layout_loops_corners,
          nicolae_ecumenical_lake_church
D:2:      layout_basic, basic_altar, uniq_crazy_yiuf_cottage, uniq_jessica
D:3:      layout_loops_ring, gammafunk_temple_overflow_statue,
          amcnicky_altar_gilded, mainiacjoe_overflow_big_doors
D:4:      layout_basic, mainiacjoe_overflow_cross_hatched,
          mainiacjoe_overflow_surrounded_room
D:5:      layout_basic, chei_slow_surprise, lexackson_kobold_supper,
          uniq_sigmund, uniq_eustachio
D:6:      layout_basic, minmay_temple_entry_enclosed_plants
D:7:      layout_cave_pods, nicolae_hexahallways,
          corexii_item_surrounded_by_moat
D:8:      layout_layer_cave, erik_lair_island, uniq_maggie

Skill      XL: |  1  2  3  4  5  6  7  8  9 |
---------------+----------------------------+-----
Fire Magic     | 4 5 6 7 8 |  8.4
Spellcasting   | 4 5 6 8 10 | 10.5
Conjurations   | 2 3 4 |  4.9
Stealth        | 3 |  3.7
Armour         | 1 2 |  2.5
Hexes          | 1 2 3 |  3.7
Dodging        | 3 |  3.6
Short Blades   | |  0.1
Maces & Flails | |  0.5
Air Magic      | |  0.9

Action                   |  1- 3 |  4- 6 |  7- 9 || total
-------------------------+-------+-------+-------++-------
Melee: Unarmed           |     6 |       |       ||     6
       Rapier            |     1 |     6 |       ||     7
       Flail             |       |     5 |   201 ||   206
       Punch             |       |       |     4 ||     4
 Cast: Foxfire           |    61 |    96 |    67 ||   224
       Scorch            |    15 |    23 |    37 ||    75
       Inner Flame       |       |     7 |    15 ||    22
       Conjure Flame     |       |     1 |     1 ||     2
       Static Discharge  |       |     1 |     7 ||     8
  Use: Scroll            |     1 |     1 |     3 ||     5
       Potion            |       |       |     2 ||     2
 Stab: Sleeping          |       |     1 |       ||     1
Armor: Robe              |     3 |       |       ||     3
       Leather armour    |     3 |    14 |    11 ||    28
Dodge: Dodged            |    10 |    18 |    10 ||    38
Block: Other             |       |       |     2 ||     2
